 Dungeon Crawl Stone Soup version 0.20-a0-1063-gb8e8b7e (webtiles) character file.

4449 Deemzul the Carver (level 10, -1/105 (106) HPs)
             Began as an Octopode Berserker on Apr 28, 2017.
             Was an Elder of Trog.
             Slain by a centaur (9 damage)
             ... on level 5 of the Dungeon.
             The game lasted 00:13:46 (9976 turns).

Deemzul the Carver (Octopode Berserker)             Turns: 9976, Time: 00:13:47

HP:   -1/105 (106)  AC: -3    Str: 21    XL:     10   Next: 37%
MP:   10/10         EV: 16    Int: 10    God:    Trog [****..]
Gold: 196           SH:  3    Dex: 12    Spells: 9/9 levels left

rFire    . . .     SeeInvis .   q - +0 long sword
rCold    . . .     Gourm    .   u - +0 buckler
rNeg     . . .     Faith    .   (helmet restricted)
rPois    .         Spirit   .   (no amulet)
rElec    .         Reflect  .   l - -3 ring of dexterity
rCorr    .         Harm     .   (no ring)
MR       .....                  (no ring)
Stlth    ..........             (no ring)
Regen    0.3/turn               (no ring)
MPRegen  0.2/turn               (no ring)
                                (no ring)
                                (no ring)

@: berserking, corroded, very quick
A: almost no armour, stealthy swim, amphibious, 8 rings, constrict 8, camouflage
1, gelatinous body 1
a: Berserk, Trog's Hand, Brothers in Arms, Burn Spellbooks, Renounce Religion


You were on level 5 of the Dungeon.
You worshipped Trog.
Trog was greatly pleased with you.
You were very hungry.

You visited 2 branches of the dungeon, and saw 9 of its levels.

You collected 196 gold pieces.

Inventory:

Hand Weapons
 a - a +0 falchion
 q - a +0 long sword (weapon)
 r - a +1 dagger of venom
Armour
 u - a +0 buckler (worn)
Jewellery
 c - an uncursed ring of stealth {unknown}
 l - a -3 ring of dexterity (left tentacle)
Wands
 m - a wand of iceblast (0/15)
 s - a wand of lightning (8/15)
 w - a wand of lightning (10/15)
Scrolls
 d - 3 scrolls of identify
 e - 4 scrolls of teleportation
 f - 3 scrolls of remove curse
 n - 2 scrolls of amnesia {unknown}
 o - 2 scrolls of fog
 p - a scroll of magic mapping {unknown}
 t - a scroll of recharging
 v - a scroll of enchant weapon {unknown}
 x - a scroll of enchant armour
 y - a scroll of fear
Potions
 g - a potion of flight
 h - 2 potions of curing
 i - 3 potions of berserk rage {unknown}
 j - a potion of cancellation {unknown}
Books
 k - a book of Cantrips

   Spells                             Type                      Level
   a - Confusing Touch                Hexes                        1
   b - Animate Skeleton               Necromancy                   1
   c - Summon Small Mammal            Summoning                    1
   d - Apportation                    Translocation                1
   Trog disapproves of the use of such an item.
Comestibles
 b - 2 bread rations
 z - 11 chunks of flesh
 A - a royal jelly


   Skills:
 + Level 7.5 Fighting
 * Level 9.8 Long Blades
 + Level 7.2 Dodging
 + Level 9.3 Stealth


You had 9 spell levels left.
You didn't know any spells.

Dungeon Overview and Level Annotations

Branches:
Dungeon (8/15)             Temple (1/1) D:7
   Lair: D:8-11

Altars:
Ashenzari
Dithmenos
Elyvilon
Fedhas
Gozag
Kikubaaqudgha
Makhleb
Nemelex Xobeh
Okawaru
Ru
Trog
Uskayaw
Vehumet
Wu Jian
Xom
Yredelemnul
Zin
The Shining One

Shops:
D:6 (

Annotations:
D:7 exclusion: oklob plant, Angani's ghost, novice VSAs


Innate Abilities, Weirdness & Mutations

You cannot wear most types of armour.
You are very stealthy in the water. (Stealth+)
You are amphibious.
You can wear up to eight rings at the same time.
You can use your tentacles to constrict eight enemies at once.
Your skin changes colour to match your surroundings (Stealth+).
Your rubbery body absorbs attacks. (AC +1, EV +1)


Message History

You are too injured to fight recklessly!
The centaur unwields an uncursed shortbow.
The centaur closely misses you.
You riposte.
You hit the centaur.
The centaur is lightly wounded.
You are too injured to fight recklessly!
A red film seems to cover your vision as you go berserk!
You feel yourself moving faster!
You feel mighty!
You are feeling very hungry.
The centaur hits you.
The crimson imp zaps a wand.
The bolt of acid misses you. The centaur closely misses you.
You slash the centaur!
The centaur is moderately wounded.
The centaur hits you.
The crimson imp zaps a wand.
The bolt of acid hits you!
* * * LOW HITPOINT WARNING * * *
You are splashed with acid!
The acid burns!
* * * LOW HITPOINT WARNING * * *
Unknown command.
You closely miss the crimson imp. You grab the crimson imp.
You constrict the crimson imp. The centaur hits you!
You die...

#....)## #. #.##....#
####.)>.
#.###.##...........###
...#.##...######## #
#...##...# # .
#...#...# #
#..####..#.).#
#....5..).###########
#c@.....((.)†...###
###..##########....
#...... ##### #.>....#
#......# #......#
#......# ########


You could see a centaur and a crimson imp.

Vanquished Creatures
  The ghost of nago the Magician, a novice SpNe of Kikubaaqudgha (D:5)
  2 hippogriffs
  A water moccasin (D:8)
  Duvessa (D:6)
  A sky beast (D:7)
  4 phantoms
  3 ogres
  A necrophage (D:7)
  2 centaurs
  A gnoll sergeant (D:7)
  5 bullfrogs
  3 scorpions (D:4)
  Dowan (D:6)
  5 killer bees (D:7)
  A troll zombie (D:7)
  5 wights (D:7)
  5 howler monkeys
  2 crimson imps (D:6)
  2 bullfrog zombies
  6 human zombies (D:7)
  A centaur zombie (D:8)
  2 orc priests
  7 orc wizards
  Crazy Yiuf (D:3)
  6 jellies
  A bullfrog skeleton (D:7)
  A centaur skeleton (D:7)
  A human skeleton (D:7)
  5 worker ants
  A hound zombie (D:8)
  A hound skeleton (D:7)
  A mummy (D:7)
  15 gnolls
  10 adders
  A shadow imp (D:8)
  14 oozes (D:7)
  An adder skeleton (D:7)
  3 worms
  6 leopard geckos
  23 orcs
  5 bats
  7 giant cockroaches
  6 goblins
  11 hobgoblins
  9 jackals
  6 kobolds
  7 quokkas
  A ball python skeleton (D:4)
  6 frilled lizards
  A jackal zombie (D:6)
  An orc zombie (D:7)
  A quokka zombie (D:5)
  4 rats
218 creatures vanquished.

Vanquished Creatures (others)
  7 fungi (D:7)
7 creatures vanquished.

Grand Total: 225 creatures vanquished

Notes
Turn   | Place    | Note
-------+----------+-------------------------------------------
     0 | D:1      | Deemzul the Octopode Berserker began the quest for the Orb.
     0 | D:1      | Reached XP level 1. HP: 16/16 MP: 1/1
    61 | D:1      | Reached XP level 2. HP: 17/21 MP: 2/2
   670 | D:2      | Reached XP level 3. HP: 16/26 MP: 3/3
   672 | D:2      | Reached skill level 1 in Stealth
   867 | D:2      | Reached XP level 4. HP: 19/31 MP: 4/4
  1012 | D:2      | Found an opulent altar of Gozag.
  1035 | D:2      | Reached ** piety under Trog
  1332 | D:3      | Reached XP level 5. HP: 37/37 MP: 5/5
  1804 | D:3      | Found a runed door.
  1950 | D:3      | Noticed Crazy Yiuf
  1970 | D:3      | Killed Crazy Yiuf
  2396 | D:4      | Reached XP level 6. HP: 12/43 MP: 6/6
  2797 | D:4      | Reached *** piety under Trog
  3221 | D:4      | Reached skill level 5 in Long Blades
  3468 | D:4      | Reached XP level 7. HP: 49/49 MP: 7/7
  4434 | D:5      | Entered Level 5 of the Dungeon
  4519 | D:6      | Noticed a hippogriff
  4579 | D:6      | Found an iron altar of Okawaru.
  4627 | D:6      | Noticed Dowan
  4653 | D:6      | Killed Dowan
  4653 | D:6      | Reached skill level 5 in Fighting
  4682 | D:6      | Reached skill level 5 in Stealth
  4775 | D:6      | Reached XP level 8. HP: 41/55 MP: 8/8
  4961 | D:6      | Found Jaitar's Weapon Shop.
  4997 | D:6      | Noticed Duvessa
  5004 | D:6      | Killed Duvessa
  5004 | D:6      | Reached skill level 5 in Dodging
  5089 | D:6      | Found a sand-covered staircase.
  5239 | D:6      | Reached **** piety under Trog
  5281 | D:7      | Noticed a hippogriff
  5292 | D:7      | HP: 1/57 [hippogriff (4)]
  5719 | D:7      | Reached XP level 9. HP: 32/62 MP: 9/9
  6185 | D:7      | Noticed an oklob plant
  6669 | D:7      | Noticed Angani's ghost (novice VSAs)
  8148 | D:7      | Found an ancient bone altar of Kikubaaqudgha.
  8542 | D:7      | Reached XP level 10. HP: 61/70 MP: 10/10
  8566 | D:7      | Found an ornate altar of the Wu Jian Council.
  8582 | D:7      | Found a staircase to the Ecumenical Temple.
  8595 | Temple   | Entered the Ecumenical Temple
  9383 | D:5      | Noticed nago's ghost (novice SpNe)
  9560 | D:5      | Killed nago's ghost
  9976 | D:5      | Slain by a centaur

Vault maps used:
D:1:      eino_arrival_water_cross
D:2:      grunt_gozag_breadcrumbs
D:3:      kennysheep_minor_cross, uniq_crazy_yiuf_cottage
D:4:      first_bread
D:5:      nicolae_qazlal_general_emergency, serial_shops, shop
D:6:      kennysheep_mini, nicolae_ossuary_entry_false_entrances, serial_shops,
          shop, uniq_duvessa
D:7:      lemuel_slime, old_standard_altar,
          lemuel_mausoleum_altar_kikubaaqudgha, minmay_temple_entry_junction,
          minivault_26
D:8:      lemuel_round_altar, hangedman_little_slice_of_home
Temple:   minmay_temple_curvy_branch

Skill      XL: |  1  2  3  4  5  6  7  8  9 10 |
---------------+-------------------------------+-----
Stealth        | 1 2 3 4 5 6 8 9 |  9.3
Long Blades    | 4 5 6 7 9 |  9.8
Fighting       | 4 5 6 7 |  7.5
Dodging        | 4 5 6 7 |  7.2

Action                   |  1- 3 |  4- 6 |  7- 9 | 10-12 || total
-------------------------+-------+-------+-------+-------++-------
Melee: Falchion          |    48 |    51 |   210 |       ||   309
       Constrict         |    15 |    29 |    64 |    14 ||   122
       Tentacles         |     8 |    24 |    93 |    25 ||   150
       Dagger            |       |    69 |    70 |       ||   139
       Long sword        |       |       |    54 |    98 ||   152
Invok: Berserk           |     1 |       |    10 |     5 ||    16
       Trog's Hand       |       |       |     2 |     2 ||     4
Evoke: Wand              |       |       |     1 |     3 ||     4
  Use: Potion            |       |     5 |     4 |       ||     9
       Scroll            |       |       |     9 |       ||     9
 Stab: Sleeping          |     6 |     7 |    16 |     4 ||    33
       Distracted        |       |       |     1 |       ||     1
  Eat: Chunk             |     1 |     8 |    24 |     2 ||    35
       Bread ration      |       |       |     1 |     1 ||     2
Armor: Skin              |     4 |    23 |     6 |     1 ||    34
Dodge: Dodged            |    41 |    49 |   193 |    65 ||   348
Block: Buckler           |       |       |     8 |    10 ||    18
       Rpst.: Falchion   |    11 |    10 |    46 |       ||    67
       Long sword        |       |       |     6 |    18 ||    24
